 Crawl Stoat Soup version 0.23-ish-327-95-g181beea39d (console) character file.

5023 hilarita the Zephyrmancer (level 10, -9/68 HPs)
             Began as a Faerie Dragon Air Elementalist on Apr 10, 2024.
             Was an Elder of Sif Muna.
             Mangled by a two-headed ogre
             ... wielding a +0 giant club
              (18 damage)
             ... on level 8 of the Dungeon.
             The game lasted 00:18:39 (7659 turns).

hilarita the Zephyrmancer (FDAE)                    Turns: 7659, Time: 00:18:40

Health: -9/68      AC: 10    Str:  6    XL:     10   Next: 55%
Magic:  13/22      EV: 14    Int: 25    God:    Sif Muna [****..]
Gold:   493        SH:  6    Dex: 13    Spells: 10/25 levels left

rFire    . . .     SeeInvis +   t - +2 quarterstaff (protect)
rCold    . . .     Gourm    .   (shield currently unavailable)
rNeg     . . .     Faith    .   (armour unavailable)
rPois    .         Spirit   .   k - +1 hat
rElec    .         Warding  .   u - scarf {CldImm}
rCorr    .         Reflect  .   q - +2 pair of gloves
MR       +....     Harm     .   (no boots)
Stlth    +.........             (no amulet)
HPRegen  0.21/turn              a - ring of see invisible
MPRegen  0.18/turn              f - +3 ring of intelligence

@: flying
A: small, sparkly, unfitting armour, magic attunement, magical scales, able to
fly
a: Stop Flying, Divine Energy, Channel Magic, Forget Spell, Renounce Religion


You were on level 8 of the Dungeon.
You worshipped Sif Muna.
Sif Muna was greatly pleased with you.
You were not hungry.

You visited 1 branch of the dungeon, and saw 9 of its levels.

You collected 493 gold pieces.

Inventory:

Hand Weapons
 e - a +1 whip
 t - a +2 quarterstaff of protection (weapon)
Missiles
 i - 120 arrows
Armour
 k - a +1 hat (worn)
 q - a +2 pair of gloves (worn)
 u - a scarf of cloud immunity (worn)
Jewellery
 a - a ring of see invisible (left hand)
 c - an uncursed ring of magical power
 f - a +3 ring of intelligence (right hand)
 m - a cursed -3 ring of protection
 n - a +5 ring of protection
Wands
 o - a wand of random effects (17 charges)
 r - a wand of polymorph (9 charges)
 w - a wand of scattershot (7 charges)
Scrolls
 j - a scroll of fog
 p - 2 scrolls of remove curse
 y - a scroll of immolation
Potions
 d - a potion of berserk rage
 h - 3 potions of curing
 l - 2 potions of haste
 s - a potion of lignification {unknown}
 v - a potion of ambrosia {unknown}
 x - a potion of invisibility {unknown}
 z - a potion of magic {unknown}
Comestibles
 b - 5 bread rations
 g - 3 meat rations
 A - 4 chunks of flesh


   Skills:
 + Level 6.2 Fighting
 - Level 2.1 Dodging
 - Level 1.2 Stealth
 + Level 8.3 Spellcasting
 - Level 8.0 Conjurations
 * Level 12.5 Air Magic
 + Level 6.4 Invocations


You had 10 spell levels left.
You knew the following spells:

 Your Spells              Type           Power        Failure   Level  Hunger
a - Shock                 Conj/Air       25/25        1%          1    None
b - Static Discharge      Conj/Air       58/100       1%          3    None
c - Airstrike             Air            65/200       1%          4    None
d - Swiftness             Chrm/Air       41/100       1%          2    None
e - Lightning Bolt        Conj/Air       58/200       2%          5    None

Your spell library contained the following spells:

 Spells                   Type           Power        Failure   Level  Hunger


Dungeon Overview and Level Annotations

Branches:
Dungeon (9/15)             Temple (0/1) D:4
   Lair: D:8-11         Orc: D:9-12

Altars:
Makhleb
Sif Muna
Uskayaw

Shops:
D:7 ((==


Innate Abilities, Weirdness & Mutations

Your sparkly wings attract attention (Stealth-).
You are small and have problems with some larger weapons.
You cannot fit into any form of body armour.
Your spells do not cause hunger; their MP costs are reduced by 1.
Your shimmering scales repel attacks (AC +6, SH +6).
You can fly continuously.


Message History

The two-headed ogre misses you.
The two-headed ogre hits you but does no damage.
Casting: Airstrike (safe; 1% risk of failure)
Confirm with . or Enter, or press ? or * to list all spells.
Aiming: Airstrike (safe; 1% risk of failure)
Press: ? - help, Dir - move target cursor, f/p - two-headed ogre
Aim: a two-headed ogre, wielding two giant clubs (moderately wounded)
The air twists around and strikes the two-headed ogre!
The two-headed ogre is heavily wounded.
Casting: Airstrike (safe; 1% risk of failure)
Confirm with . or Enter, or press ? or * to list all spells.
Aiming: Airstrike (safe; 1% risk of failure)
Press: ? - help, Dir - move target cursor, f/p - two-headed ogre
Aim: a two-headed ogre, wielding two giant clubs (heavily wounded)
The air twists around and strikes the two-headed ogre!
The two-headed ogre is heavily wounded.
The two-headed ogre hits you with a giant club!
* * * LOW HITPOINT WARNING * * *
The two-headed ogre hits you with a giant club!!
You die...

###########
#.........###
####.#######.#.###
#@................
#O##.######..#....
#.##.# #..#..#.
#.##.######..#....
#.................
####.######.......
#.....##...###.
#####.##.#.....
####......#.#.###.
#.....##..#.#.####
##.##.#...........#


You could see a two-headed ogre.

Vanquished Creatures
  Erica (D:8)
  Joseph (D:7)
  A gargoyle (D:8)
  A hornet (D:8)
  Eustachio (D:5)
  A hippogriff (D:7)
  A water moccasin (D:8)
  2 sky beasts
  3 orc warriors
  4 centaurs (D:8)
  2 ogres (D:5)
  A phantom (D:5)
  4 bullfrogs
  A wyvern zombie (D:7)
  A scorpion (D:4)
  Dowan (D:5)
  6 howler monkeys
  A goliath beetle (D:8)
  A bullfrog zombie (D:7)
  3 hounds
  4 jellies
  3 bullfrog skeletons
  5 orc priests
  A centaur skeleton (D:8)
  9 orc wizards
  8 worker ants
  A worker ant zombie (D:7)
  11 adders
  A shadow imp (D:8)
  2 white imps
  2 ufetubi
  3 dart slugs
  3 leopard geckos
  28 orcs
  4 giant cockroaches
  4 goblins
  8 hobgoblins
  3 kobolds
  3 weasels
  3 ball pythons
  10 bats
  7 frilled lizards
  A leopard gecko skeleton (D:5)
  8 rats
  A weasel skeleton (D:4)
170 creatures vanquished.

Vanquished Creatures (others)
  Duvessa (D:5)
1 creature vanquished.

Grand Total: 171 creatures vanquished

Notes
Turn   | Place    | Note
-------+----------+-------------------------------------------
     0 | D:1      | hilarita the Faerie Dragon Air Elementalist began the quest
                  | for the Orb.
     0 | D:1      | Reached XP level 1. HP: 11/11 MP: 3/3
   389 | D:1      | Reached XP level 2. HP: 18/18 MP: 5/5
   546 | D:1      | Reached skill level 4 in Air Magic
  1042 | D:2      | Reached XP level 3. HP: 22/22 MP: 7/7
  1069 | D:2      | Reached skill level 1 in Fighting
  1164 | D:2      | Learned a level 3 spell: Static Discharge
  1640 | D:3      | Reached XP level 4. HP: 28/28 MP: 8/8
  1648 | D:3      | Learned a level 4 spell: Airstrike
  1712 | D:3      | Noticed a sky beast
  1717 | D:3      | Killed a sky beast
  1717 | D:3      | Reached skill level 5 in Air Magic
  1717 | D:3      | Reached XP level 5. HP: 34/34 MP: 8/10
  1803 | D:3      | Learned a level 2 spell: Swiftness
  2011 | D:3      | Found a hide-covered altar of Uskayaw.
  2011 | D:3      | Found a deep blue altar of Sif Muna.
  2040 | D:3      | Became a worshipper of Sif Muna the Loreminder
  2108 | D:3      | Reached XP level 6. HP: 38/39 MP: 11/11
  2140 | D:3      | Found a burning altar of Makhleb.
  2140 | D:3      | Noticed an Executioner
  2606 | D:4      | Found a staircase to the Ecumenical Temple.
  2782 | D:4      | Reached skill level 6 in Air Magic
  2795 | D:4      | Reached * piety under Sif Muna
  2795 | D:4      | Reached ** piety under Sif Muna
  2795 | D:4      | Reached skill level 5 in Fighting
  2795 | D:4      | Reached skill level 10 in Air Magic
  2795 | D:4      | Reached XP level 7. HP: 50/50 MP: 11/17
  2802 | D:4      | Learned a level 5 spell: Lightning Bolt
  3072 | D:5      | Entered Level 5 of the Dungeon
  3094 | D:5      | Reached skill level 5 in Invocations
  3172 | D:5      | Reached XP level 8. HP: 55/55 MP: 18/18
  3404 | D:5      | Noticed Eustachio
  3417 | D:5      | Killed Eustachio
  3417 | D:5      | Reached *** piety under Sif Muna
  3922 | D:5      | Reached skill level 11 in Air Magic
  4137 | D:5      | Noticed Duvessa
  4137 | D:5      | Noticed Dowan
  4137 | D:5      | Noticed hilarita's ghost (novice FDNe)
  4139 | D:5      | Killed Dowan
  4141 | D:5      | Killed Duvessa
  4141 | D:5      | Witnessed revenge of hilarita's ghost on Duvessa.
  4793 | D:6      | Reached XP level 9. HP: 53/61 MP: 3/20
  5099 | D:7      | Found Ypnie's Antique Weapon Shoppe.
  5271 | D:7      | Found Otiheep's Antique Weapon Boutique.
  5336 | D:7      | Found Bonaef's Jewellery Shop.
  5414 | D:7      | Found Mobi's Jewellery Boutique.
  5419 | D:7      | Noticed Joseph
  5431 | D:7      | Killed Joseph
  6785 | D:8      | Noticed a hornet
  6789 | D:8      | Killed a hornet
  6789 | D:8      | Reached **** piety under Sif Muna
  6789 | D:8      | Reached XP level 10. HP: 68/68 MP: 11/21
  6859 | D:8      | Noticed a gargoyle
  6861 | D:8      | Killed a gargoyle
  6861 | D:8      | Reached skill level 12 in Air Magic
  6908 | D:8      | Noticed Erica
  6913 | D:8      | Killed Erica
  7612 | D:9      | Noticed a two-headed ogre
  7659 | D:8      | Mangled by a two-headed ogre

Vault maps used:
D:1:      eino_arrival_cavern_d
D:2:      minmay_misc_feat_iff
D:3:      grunt_temple_overflow_open, makhleb_altar_promises_db
D:4:      minmay_temple_entry_slanted
D:5:      first_bread, minmay_quadrilaterals, uniq_eustachio, uniq_duvessa
D:7:      serial_shops, nicolae_shop_waterfront, nicolae_shop_behind_doors,
          shop, shop, uniq_joseph
D:8:      uniq_erica
D:9:      due_lair_maze_entry_diamond, serial_shops, kennysheep_mini_moat

Skill      XL: |  1  2  3  4  5  6  7  8  9 10 |
---------------+-------------------------------+-----
Air Magic      | 4 5 10 11 12 | 12.5
Fighting       | 1 2 5 6 |  6.2
Conjurations   | 2 3 6 7 8 |  8.0
Spellcasting   | 3 7 8 |  8.3
Invocations    | 4 5 6 |  6.4
Dodging        | |  2.1
Stealth        | |  1.2

Action                   |  1- 3 |  4- 6 |  7- 9 | 10-12 || total
-------------------------+-------+-------+-------+-------++-------
 Cast: Shock             |    73 |    54 |   215 |    46 ||   388
       Airstrike         |       |    10 |    55 |    22 ||    87
  Use: Scroll            |       |     6 |     6 |       ||    12
       Potion            |       |     1 |       |       ||     1
  Eat: Chunk             |     2 |     3 |    12 |     3 ||    20
Armor: Skin              |     2 |     5 |    23 |    10 ||    40
Dodge: Dodged            |    11 |     5 |    43 |    30 ||    89
Block: Other             |     2 |     4 |    23 |    13 ||    42

Table legend:
 A = Spawn XP
 B = Non-spawn XP
 C = Spawn XP percentage of total XP
 D = Spawn monster count
 E = Non-spawn monster count
 F = Spawn count percentage of total count
 G = Total turns spent on level
                    A         B        C        D         E        F      G
               +---------+---------+-------+---------+---------+-------+---------
         Total |     408 |    6314 |   6.1 |      11 |     160 |   6.4 |  7659
               +---------+---------+-------+---------+---------+-------+---------
           D:1 |       1 |      26 |   3.7 |       1 |      14 |   6.7 |   856
           D:2 |       3 |      41 |   6.8 |       2 |      17 |  10.5 |   768
           D:3 |      37 |     254 |  12.7 |       3 |      30 |   9.1 |   913
           D:4 |      14 |     179 |   7.3 |       1 |       5 |  16.7 |   535
           D:5 |       1 |    1126 |   0.1 |       1 |      25 |   3.8 |  1200
           D:6 |       0 |     403 |   0.0 |       0 |      12 |   0.0 |   820
           D:7 |      93 |    1093 |   7.8 |       1 |      17 |   5.6 |   991
           D:8 |     259 |    3038 |   7.9 |       2 |      34 |   5.6 |  1551
           D:9 |       0 |     154 |   0.0 |       0 |       6 |   0.0 |    25
               +---------+---------+-------+---------+---------+-------+---------
